[ AOE2 MATCH · #504972704 ]
UnrankedTatars vs Cumans
Player's team · LOSS
Rival team · WIN
[ REPLAY ANALYSIS · EXTRACTED FROM THE RECORDED GAME ]
Feudal
12:08
Castle
—
Imperial
—
| APM avg | 92.1 |
| APM peak | 139 |
| eAPM avg | 30.9 |
| Villagers / military | 34 / 7 |
Focus
⚔️ 22.4% · 🌾 77.6%
Militia ×5 · Archer ×2
Feudal
9:17
Castle
—
Imperial
—
| APM avg | 96.5 |
| APM peak | 139 |
| eAPM avg | 46.0 |
| Villagers / military | 25 / 8 |
Focus
⚔️ 53.2% · 🌾 46.8%
Archer ×8
Match map
Initial resources + every placement click. Lines = walls · curves = elevation contours. ◆ gold · ⬟ stone · ● berries · ✦ relic · ◌ wall gap
Your base· Open — unwalled flank
Cuman Terror's base· Open — unwalled flank
Smoothed initial terrain · ◌ = detected wall gap · hover for details
Inputs per minute
— ADangBang - - Cuman Terror
Build order — ADangBang
69 actions detected in the replay
| 0:00 | Queue | Villager (Male) |
| 0:00 | Queue | Villager (Male) |
| 0:00 | Queue | Villager (Male) |
| 0:01 | Build | House |
| 0:03 | Build | House |
| 0:07 | Queue | Villager (Male) |
| 1:25 | Queue | Villager (Male) |
| 1:50 | Queue | Villager (Male) |
| 1:57 | Build | Lumber Camp |
| 2:08 | Queue | Villager (Male) |
| 2:49 | Queue | Villager (Male) |
| 2:54 | Queue | Villager (Male) |
| 2:54 | Queue | Villager (Male) |
| 3:21 | Queue | Villager (Male) |
| 3:21 | Queue | Villager (Male) |
| 3:54 | Build | House |
| 4:01 | Queue | Villager (Male) |
| 4:20 | Queue | Villager (Male) |
| 4:26 | Queue | Villager (Male) |
| 4:45 | Build | Barracks |
| 4:50 | Queue | Villager (Male) |
| 5:06 | Build | House |
| 5:22 | Queue | Villager (Male) |
| 5:24 | Queue | Villager (Male) |
| 5:24 | Queue | Villager (Male) |
| 5:46 | Queue | Militia |
| 5:46 | Queue | Militia |
| 5:53 | Build | Palisade Wall |
| 5:54 | Build | Palisade Wall |
| 6:11 | Queue | Militia |
| 6:11 | Queue | Militia |
| 6:15 | Build | House |
| 6:40 | Build | House |
| 6:50 | Queue | Villager (Male) |
| 6:50 | Queue | Villager (Male) |
| 7:15 | Queue | Militia |
| 7:32 | Queue | Villager (Male) |
| 7:40 | Queue | Villager (Male) |
| 7:41 | Queue | Villager (Male) |
| 7:41 | Queue | Villager (Male) |
| 8:15 | Queue | Villager (Male) |
| 8:17 | Build | Lumber Camp |
| 8:38 | Build | House |
| 8:43 | Build | Mill |
| 8:56 | Queue | Villager (Male) |
| 9:58 | Research | Feudal Age |
| 10:32 | Build | Mining Camp |
| 11:14 | Build | House |
| 11:45 | Build | Palisade Gate |
| 12:08 | Age | Feudal Age |
| 12:09 | Build | Archery Range |
| 12:23 | Build | Archery Range |
| 12:26 | Queue | Villager (Male) |
| 12:37 | Queue | Villager (Male) |
| 12:40 | Build | House |
| 12:43 | Build | House |
| 12:46 | Build | House |
| 12:47 | Build | Palisade Wall |
| 12:53 | Queue | Villager (Male) |
| 13:00 | Build | Palisade Wall |
| 13:02 | Build | Palisade Wall |
| 13:11 | Queue | Archer |
| 13:22 | Queue | Villager (Male) |
| 13:23 | Research | Loom |
| 13:23 | Queue | Villager (Male) |
| 13:23 | Queue | Villager (Male) |
| 13:30 | Build | House |
| 13:34 | Queue | Archer |
| 13:36 | Queue | Villager (Male) |
Build order — Cuman Terror
59 actions detected in the replay
| 0:00 | Queue | Villager (Male) |
| 0:01 | Build | House |
| 0:02 | Build | House |
| 0:03 | Queue | Villager (Male) |
| 0:06 | Queue | Villager (Male) |
| 0:09 | Queue | Villager (Male) |
| 1:29 | Queue | Villager (Male) |
| 1:55 | Queue | Villager (Male) |
| 2:01 | Build | Lumber Camp |
| 2:21 | Queue | Villager (Male) |
| 2:51 | Queue | Villager (Male) |
| 3:10 | Queue | Villager (Male) |
| 3:33 | Queue | Villager (Male) |
| 3:56 | Queue | Villager (Male) |
| 4:15 | Build | House |
| 4:17 | Queue | Villager (Male) |
| 4:48 | Queue | Villager (Male) |
| 5:18 | Queue | Villager (Male) |
| 5:35 | Build | Barracks |
| 5:46 | Queue | Villager (Male) |
| 5:57 | Queue | Villager (Male) |
| 5:58 | Research | Loom |
| 6:37 | Build | House |
| 7:02 | Research | Feudal Age |
| 7:33 | Build | House |
| 7:34 | Build | Palisade Wall |
| 7:35 | Build | Palisade Wall |
| 7:37 | Build | Palisade Wall |
| 7:38 | Build | Palisade Wall |
| 8:06 | Build | Palisade Wall |
| 8:12 | Build | Palisade Wall |
| 8:47 | Queue | Villager (Male) |
| 9:17 | Age | Feudal Age |
| 9:32 | Queue | Villager (Male) |
| 9:36 | Build | Archery Range |
| 9:50 | Queue | Villager (Male) |
| 9:58 | Build | Town Center |
| 10:02 | Build | Town Center |
| 10:08 | Queue | Villager (Male) |
| 10:27 | Build | Palisade Wall |
| 10:32 | Queue | Archer |
| 10:33 | Build | Archery Range |
| 10:51 | Build | House |
| 10:53 | Queue | Villager (Male) |
| 10:58 | Queue | Archer |
| 11:20 | Queue | Villager (Male) |
| 11:25 | Build | House |
| 11:39 | Queue | Archer |
| 11:47 | Queue | Villager (Male) |
| 11:56 | Queue | Archer |
| 12:01 | Build | Blacksmith |
| 12:03 | Queue | Villager (Male) |
| 12:17 | Queue | Archer |
| 12:48 | Queue | Archer |
| 12:52 | Build | House |
| 12:57 | Research | Fletching |
| 13:19 | Queue | Villager (Male) |
| 13:27 | Queue | Archer |
| 13:41 | Queue | Archer |
Match timeline
| 4:45 | ADangBang · first_building Barracks |
| 5:35 | Cuman Terror · first_building Barracks |
| 5:53 | ADangBang · wall_segment Palisade Wall x1 |
| 5:54 | ADangBang · wall_segment Palisade Wall x1 |
| 7:34 | Cuman Terror · wall_segment Palisade Wall x1 |
| 7:35 | Cuman Terror · wall_segment Palisade Wall x1 |
| 7:37 | Cuman Terror · wall_segment Palisade Wall x1 |
| 7:38 | Cuman Terror · wall_segment Palisade Wall x1 |
| 8:06 | Cuman Terror · wall_segment Palisade Wall x1 |
| 8:12 | Cuman Terror · wall_segment Palisade Wall x1 |
| 9:17 | Cuman Terror · age_up feudal |
| 9:36 | Cuman Terror · first_building Archery Range |
| 10:27 | Cuman Terror · wall_segment Palisade Wall x1 |
| 12:08 | ADangBang · age_up feudal |
| 12:09 | ADangBang · first_building Archery Range |
| 12:47 | ADangBang · wall_segment Palisade Wall x1 |
| 13:00 | ADangBang · wall_segment Palisade Wall x1 |
| 13:02 | ADangBang · wall_segment Palisade Wall x1 |
| 13:42 | ADangBang · resign |
[ AI ANALYSIS · 1 CREDIT ]
What really happened in this match?
Wolo.gg analyzes every decision: build order, eco, micro, common mistakes by bracket. Personalized analysis on WhatsApp or Discord in 30 seconds.
Civ guide
Tatars
Perfil
Jugador #1075200